Map: 烏瑞那

Players

Sen - Winner!

  • Race: Zerg Zerg
  • League: Master

Rose (Python)

  • Race: Zerg Zerg
  • League: Grandmaster

Event: 2016 WCS Winter Challenger Taiwan

VOD

Have the link to the VOD?

Description

Time

  • Played on: Jan. 9, 2016, 5:15 a.m.
  • Length: 6:43

All games in this series

Show
View Real Time Build Order
Export as new Build Order

Sen Zerg - Winner!

Build Orders: Pool First 

Get SALT Encoding   

  12  0:00  Drone  
  13  0:09  Drone  
  14  0:16  Drone, Extractor  
  15  0:22  Overlord  
  15  0:38  Spawning Pool  
  15  0:41  Drone  
  15  0:44  Drone  
  15  0:49  Drone  
  17  0:59  Drone  
  18  1:13  Hatchery  
  17  1:24  Queen  
  19  1:28  Extractor  
  19  1:30  Drone  
  19  1:35  Overlord  
  19  1:41  Drone  
  19  1:42  Drone  
  21  1:56  Drone  
  21  1:59  Queen  
  24  2:05  Drone  
  25  2:14  Drone  
  26  2:25  Zergling x2  
  26  2:28  Drone  
  28  2:30  Metabolic Boost  
  28  2:31  Drone  
  28  2:32  Drone x2  
  28  2:36  Queen  
  33  2:39  Overlord  
  33  2:48  Baneling Nest  
  33  2:51  Zergling x2  
  33  2:52  Drone  
  33  2:56  Drone  
  35  2:58  Drone  
  35  3:03  Drone x2  
  35  3:05  Zergling x2  
  39  3:14  Overlord  
  39  3:18  Drone  
  39  3:19  Drone x2  
  42  3:27  Drone x2  
  42  3:33  Baneling  
  43  3:36  Hatchery  
  43  3:41  Baneling  
  42  3:42  Drone  
  42  3:45  Zergling x6  
  42  3:46  Zergling x2  
  42  3:47  Zergling x4  
  49  4:00  Roach Warren  
  49  4:01  Extractor  
  49  4:02  Overlord  
  47  4:03  Drone x3  
  50  4:11  Overlord, Drone x2  
  50  4:14  Overlord  
  50  4:29  Drone x3  
  50  4:30  Overlord  
  50  4:43  Roach x6  
  62  4:49  Roach  
  64  4:55  Roach  
  64  4:56  Roach  
  64  4:59  Roach  
  70  5:06  Roach x4  
  72  5:17  Zergling x4, Roach x3  
  80  5:23  Drone x3  
  80  5:24  Drone x3  
  85  5:28  Extractor  
  85  5:32  Drone  
  85  5:39  Drone x2  
  85  5:40  Lair  
  87  5:45  Extractor  
  87  5:46  Evolution Chamber  
  87  5:49  Drone x3  
  86  5:54  Drone  
  86  5:55  Queen  
  86  5:57  Drone  
  90  6:00  Overlord x2  
  90  6:05  Overlord  
  90  6:09  Overlord  
  84  6:11  Roach x4  
  84  6:12  Overlord  
  84  6:21  Roach x3  
  92  6:38  Spine Crawler  
Show
View Real Time Build Order
Export as new Build Order

Rose Zerg 

Build Orders: Hatch First 

Get SALT Encoding   

  12  0:00  Drone  
  13  0:08  Drone  
  14  0:17  Overlord  
  14  0:25  Drone, Extractor  
  15  0:36  Drone x2  
  17  0:54  Hatchery  
  17  0:56  Drone  
  17  1:10  Spawning Pool  
  16  1:11  Extractor  
  16  1:13  Drone  
  16  1:17  Drone  
  17  1:21  Drone  
  18  1:27  Drone  
  19  1:40  Overlord  
  19  1:56  Queen  
  19  1:57  Zergling x2  
  19  1:59  Drone  
  23  2:07  Drone, Queen  
  26  2:12  Metabolic Boost  
  26  2:19  Drone x2  
  26  2:21  Drone  
  29  2:29  Drone  
  30  2:33  Drone  
  31  2:37  Baneling Nest  
  31  2:38  Drone  
  31  2:43  Drone  
  32  2:52  Drone  
  33  3:01  Overlord, Drone  
  34  3:07  Zergling x4  
  36  3:13  Overlord  
  36  3:19  Drone x4, Roach Warren  
  39  3:39  Baneling x2  
  39  3:40  Drone x2  
  41  3:42  Overlord, Drone x2  
  41  3:45  Extractor  
  42  3:51  Drone x2  
  44  3:56  Drone x2  
  44  3:57  Overlord  
  45  4:05  Overlord  
  45  4:07  Roach x2  
  48  4:11  Roach x4  
  56  4:22  Roach x2  
  59  4:32  Roach x2  
  59  4:36  Roach  
  63  4:39  Zergling x4  
  63  4:44  Zergling x2  
  66  4:46  Overlord, Queen  
  66  4:50  Hatchery  
  67  5:04  Zergling x2  
  67  5:05  Zergling x4  
  64  5:18  Drone x6  
  66  5:26  Lair  
  66  5:29  Evolution Chamber  
  66  5:31  Roach x2  
  69  5:38  Roach x2  
  69  5:42  Extractor  
  70  5:43  Roach x3  
  71  5:54  Roach x2  
  73  6:00  Zergling x2  
  73  6:01  Zergling x6  
Tags
 
Add a new tag
Caveats
  • Supply blocks, unpowered buildings, or Contaminate may cause inaccurate times.
  • Supply counts are checked every 10 seconds.